 Dungeon Crawl Stone Soup version 0.24-a0-613-g1ff6aac338 (webtiles) character file.

Game seed: 10084221448324472450, levelgen mode: deterministic

28 Hempel the Charlatan (level 3, -5/26 HPs)
             Began as a Demonspawn Artificer on Sept 11, 2019.
             Slain by a worm (8 damage)
             ... on level 2 of the Dungeon.
             The game lasted 00:03:54 (1143 turns).

Hempel the Charlatan (Demonspawn Artificer)         Turns: 1143, Time: 00:03:55

Health: -5/26      AC:  3    Str: 13    XL:     3   Next: 0%
Magic:  5/5        EV: 12    Int: 12    God:
Gold:   43         SH:  0    Dex: 13    Spells: 2/2 levels left

rFire    . . .     SeeInvis .   a - +0 short sword
rCold    + . .     Gourm    .   (no shield)
rNeg     . . .     Faith    .   b - +0 leather armour
rPois    .         Spirit   .   (helmet restricted)
rElec    .         Reflect  .   (no cloak)
rCorr    .         Harm     .   (no gloves)
MR       .....                  (no boots)
Stlth    ++........             c - amulet of rage
HPRegen  0.08/turn              o - ring of protection from cold
MPRegen  0.09/turn              (no ring)

@: no status effects
A: horns 1, powered by death 1
a: Evoke Berserk Rage


You were on level 2 of the Dungeon.
You were not hungry.

You visited 1 branch of the dungeon, and saw 2 of its levels.

You collected 43 gold pieces.

Inventory:

Hand Weapons
 a - a +0 short sword (weapon)
 h - a +0 dagger
   (You took it off a kobold on level 1 of the Dungeon)
Armour
 b - a +0 leather armour (worn)
Jewellery
 c - an amulet of rage (around neck)
   (You found it on level 1 of the Dungeon)
 g - a +3 ring of intelligence {unknown}
   (You found it on level 1 of the Dungeon)
 o - a ring of protection from cold (left hand)
   (You found it on level 1 of the Dungeon)
Wands
 d - a wand of enslavement (15)
 f - a wand of random effects (15)
 t - a wand of flame (15)
Potions
 i - 2 potions of ambrosia {unknown}
 j - 2 potions of curing {unknown}
 l - 2 potions of heal wounds {unknown}
Comestibles
 e - a ration {!d}
 k - 2 chunks of flesh


   Skills:
 + Level 1.5 Fighting
 + Level 1.3 Short Blades
 + Level 2.1 Dodging
 + Level 1.4 Stealth
 + Level 3.2 Evocations


You had 2 spell levels left.
You didn't know any spells.
Your spell library was empty.

Dungeon Overview and Level Annotations

Branches:
Dungeon (2/15)

Altars:


Innate Abilities, Weirdness & Mutations

You have a pair of small horns on your head.
You regenerate a little health from kills.


Message History

No target in view!
You see here a dart slug corpse.
You eat one of the 2 rations {!d}.
That ration really hit the spot!
You now have 43 gold pieces (gained 15).
You butcher the dart slug corpse.
k - 2 chunks of flesh
Found a stone staircase leading up.
There is a stone staircase leading up here.
A worm comes into view.
A worm is nearby!
A worm is nearby!
A hobgoblin comes into view. It is wielding a +0 club.
The hobgoblin shouts!
A kobold comes into view. It is wielding a +0 short sword.
The kobold shouts!
The hobgoblin barely misses you.
You hit the worm. The hobgoblin barely misses you. The worm bites you.
The hobgoblin hits you with a +0 club.
* * * LOW HITPOINT WARNING * * *
The kobold hits you but does no damage. The kobold misses you.
You hit the hobgoblin. The hobgoblin hits you with a +0 club.
* * * LOW HITPOINT WARNING * * *
You closely miss the hobgoblin. Your headbutt misses the hobgoblin.
The hobgoblin hits you with a +0 club.
* * * LOW HITPOINT WARNING * * *
You hit the hobgoblin but do no damage. The hobgoblin hits you with a +0 club.
* * * LOW HITPOINT WARNING * * *
You barely miss the hobgoblin. The hobgoblin barely misses you.
You don't know any spells.
You barely miss the hobgoblin. The hobgoblin closely misses you.
You hit the hobgoblin.
You kill the hobgoblin!
You barely miss the kobold. Your headbutt misses the kobold.
The kobold closely misses you.
You completely miss the kobold.
The kobold hits you with a +0 short sword.
* * * LOW HITPOINT WARNING * * *
You hit the kobold.
You kill the kobold!
You have reached level 3!
Your experience leads to an increase in your attributes!
Increase (S)trength, (I)ntelligence, or (D)exterity?
You feel stronger.
Your demonic ancestry asserts itself...
A wave of death washes over you. The worm bites you.
* * * LOW HITPOINT WARNING * * *
You barely miss the worm. Your headbutt misses the worm. You hit the worm.
The worm bites you!
You die...

#....(..##.#.# #.#####.##.#.# #
##.#####.##.#.#.#
##.#####........##.#.#.###
..........................
##.#####...........#.#..##
#.###########.# # #.#### #.#
#.@w.# #.# ##################.#
#.# .........#........# #.# .#.
#................########.# ...
#...........w.............##...
#.........................##...
#.........................##...
+.........................##...
#..........######.........##...


You could see a worm.

Vanquished Creatures
  An adder (D:2)
  A dart slug (D:2)
  4 goblins (D:1)
  A hobgoblin (D:2)
  2 jackals (D:1)
  2 bats
  3 kobolds
  3 rats (D:1)
17 creatures vanquished.

Notes
Turn   | Place    | Note
-------+----------+-------------------------------------------
     0 | D:1      | Hempel the Demonspawn Artificer began the quest for the
                  | Orb.
     0 | D:1      | Reached XP level 1. HP: 15/15 MP: 3/3
    61 | D:1      | Reached skill level 1 in Short Blades
    61 | D:1      | Reached skill level 1 in Stealth
   251 | D:1      | Gained mutation: You have a pair of small horns on your
                  | head. [demonic ancestry]
   251 | D:1      | Reached XP level 2. HP: 2/21 MP: 4/4
  1140 | D:2      | Gained mutation: You regenerate a little health from kills.
                  | [demonic ancestry]
  1140 | D:2      | Reached XP level 3. HP: 4/26 MP: 5/5
  1143 | D:2      | Slain by a worm

Levels and vault maps discovered:
D:1:      dpeg_arrival_boxorama, layout_basic
D:2:      layout_basic, nicolae_ru_awakened_eye, first_ration

Skill      XL: |  1  2 |
---------------+-------+-----
Short Blades   | 1 |  1.3
Stealth        | 1 |  1.4
Dodging        | 2 |  2.1
Fighting       | |  1.5
Evocations     | |  3.2

Action                   || total
-------------------------++-------
Melee: Short sword       ||    80
       Headbutt          ||     3
  Eat: Ration            ||     1
Armor: Leather armour    ||    24
Dodge: Dodged            ||    52

Table legend:
 A = Non-vault XP
 B = Vault XP
 C = Vault XP percentage of total XP
 D = Non-vault monster count
 E = Vault monster count
 F = Vault count percentage of total count
                 A         B        C        D         E       F
            +---------+---------+-------+---------+---------+-------
      Total |      41 |       0 |   0.0 |      17 |       0 |   0.0
            +---------+---------+-------+---------+---------+-------
        D:1 |      19 |       0 |   0.0 |      12 |       0 |   0.0
        D:2 |      22 |       0 |   0.0 |       5 |       0 |   0.0
            +---------+---------+-------+---------+---------+-------
